 Dungeon Crawl Stone Soup version 0.31-a0-345-g1ebeae05c6 (webtiles) character file.

Game seed: 376675228075360883

3325 shadowrider38 the Mimic (level 9, -8/82 HPs)
             Began as a Demigod Shapeshifter on July 22, 2023.
             Mangled by a troll (11 damage)
             ... on level 7 of the Dungeon.
             The game lasted 00:09:49 (6692 turns).

shadowrider38 the Mimic (Demigod Shapeshifter)      Turns: 6692, Time: 00:09:50

Health: -8/82      AC:  8    Str: 24    XL:     9   Next: 43%
Magic:  11/11      EV:  9    Int: 10    God:
Gold:   577        SH:  0    Dex: 18    Spells: 8/8 levels left

rFire   . .          .
                       - Unarmed
rCold   . . .        (no shield)
rNeg    . . .        f - +0 chain mail
rPois   +            l - melded +0 helmet
rElec   .            (cloak currently unavailable)
rCorr   .            y - melded +2 pair of gloves of Bieggaah {rPois Str+7}
SInv    .            (boots currently unavailable)
Will    .....        r - amulet of regeneration Stlth
                     o - ring of poison resistance
HPRegen 1.13/turn    (no ring)
MPRegen 0.12/turn

%: no passive effects
@: beast-form
A: beast (slay +5), high MP 1, forlorn, divine attributes, robust 1, subdued
magic 1
a: Begin Untransformation


You were on level 7 of the Dungeon.
You were a hulking beast.
You visited 1 branch of the dungeon, and saw 8 of its levels.
You also visited: Ossuary.

You collected 577 gold pieces.

Inventory:

Hand Weapons
 a - a +2 sling of electrocution
 z - the +3 quarterstaff "Spiderslayer" {drain, rC+ Dex+5}
   (You found it on level 6 of the Dungeon)

   Dex:       It affects your dexterity (+5).
   rC:        It protects you from cold.
Missiles
 v - 6 javelins
 F - 2 curare-tipped darts
 J - 2 atropa-tipped darts
 Z - 3 throwing nets
Armour
 f - a +0 chain mail (worn)
 l - a +0 helmet (melded)
 y - the +2 pair of gloves of Bieggaah (melded) {rPois Str+7}
   (You found it on level 6 of the Dungeon)

   Str:       It affects your strength (+7).
   rPois:     It protects you from poison.
Jewellery
 o - a ring of poison resistance (left hand)
 r - an amulet of regeneration (around neck)
 G - a ring of flight
Talismans
 c - a beast talisman
 j - a blade talisman
Wands
 D - a wand of polymorph (9)
 E - a wand of charming (12)
Scrolls
 e - 4 scrolls of revelation
 m - a scroll of silence {!r}
 p - a scroll of immolation {unknown}
 q - 4 scrolls of fear
 s - 2 scrolls of amnesia {unknown}
 B - 4 scrolls of blinking
 C - a scroll of poison {unknown}
 T - a scroll of teleportation
Potions
 b - a potion of lignification
 d - 6 potions of attraction
 g - a potion of resistance {unknown}
 h - 2 potions of brilliance
 i - a potion of cancellation {unknown}
 k - a potion of enlightenment
 n - a potion of ambrosia {unknown}
 t - a potion of berserk rage {unknown}
 u - a potion of magic {unknown}
 w - 2 potions of mutation
 x - 2 potions of might {unknown}
 A - a potion of experience {unknown}


   Skills:
 - Level 6.0 Fighting
 - Level 4.0 Ranged Weapons
 + Level 2.8 Dodging
 * Level 5.1 Unarmed Combat
 * Level 8.1 Shapeshifting


You had 8 spell levels left.
You didn't know any spells.
Your spell library contained the following spells:

 Spells                   Type           Power      Damage    Failure   Level
 Apportation              Tloc           0%         N/A       92%         1
 Sandblast                Erth           0%         2d4       92%         1
 Ensorcelled Hibernation  Hex/Ice        0%         N/A       98%         2
 Passwall                 Tmut/Erth      0%         N/A       98%         2
 Stone Arrow              Conj/Erth      0%         3d7       100%        3
 Swiftness                Air            0%         N/A       100%        3
 Alistair's Intoxication  Tmut/Pois      0%         N/A       100%        5


Dungeon Overview and Level Annotations

Branches:
Dungeon (8/15)             Temple (0/1) D:6         Ossuary (visited)
   Lair: D:8-11

Annotations:
D:2 1 runed translucent door, exclusion: downstairs, Crazy Yiuf
D:5 2 transporters, Shard1697's ghost, novice DrIE


Innate Abilities, Weirdness & Mutations

You are a hulking beast.
Your limbs bulge with bestial killing power. (Slay +5)
You have an increased reservoir of magic. (+10% MP)
You shall have no god before yourself.
Your divine heritage dramatically boosts your attributes as you level up.
You are robust. (+10% HP)
Your spells are a little easier to cast, but a little less powerful.


Message History

The yak is heavily wounded.
The yak gores you!
You hit the yak.
The yak is heavily wounded.
The yak gores you.
You hit the yak.
The yak is heavily wounded.
You hit the yak.
The yak is severely wounded.
The yak gores you but does no damage.
You punch the yak!
The yak is almost dead.
The yak gores you.
You barely miss the yak.
The yak is almost dead.
The yak gores you.
You punch the yak!
You kill the yak!
Your Unarmed Combat skill increases to level 5!
You punch the troll!
The troll is lightly wounded.
The troll bites you! The troll claws you.
The troll claws you but does no damage.
You closely miss the troll.
The troll is lightly wounded.
The troll barely misses you. The troll closely misses you. The troll claws you.
You closely miss the troll.
The troll is lightly wounded.
The troll bites you but does no damage. The troll claws you!
The troll claws you.
You barely miss the troll.
The troll is lightly wounded.
The troll bites you!
* * * LOW HITPOINT WARNING * * *
The troll barely misses you. The troll claws you.
* * * LOW HITPOINT WARNING * * *
You are too injured to fight recklessly!
You hit the troll.
The troll is lightly wounded.
The troll bites you.
* * * LOW HITPOINT WARNING * * *
The troll claws you!
* * * LOW HITPOINT WARNING * * *
The troll claws you but does no damage.
You punch the troll!
The troll is moderately wounded.
The troll bites you!
* * * LOW HITPOINT WARNING * * *
The troll claws you!
You die...

...>†###...###########.#######.#
###### ##.## ##.....# #.# ..# #.#
#..###.# #.## #.# ##.## #..# #.#
#.). #.# #...# #..###.# #.## #.#
#...# #......# #.# #.# #...#
#.##.#.#######.# #.### #...#
####.##.#.........## ....# #...#
#.Th.......##.......
..#.####...###.###.#.#...........
#...............>#.#.#.###.......
...................#.#.##........
...................#.#.##........
..#.####...###...................
....# #...# #..<..#.#...........
##### #...# #.....#.###.......##
# #...######..............#


You could see a troll.

Vanquished Creatures
  7 yaks (D:7)
  A swamp drake (D:7)
  2 sky beasts
  3 centaurs
  A phantom (D:4)
  3 kobold brigands
  2 bullfrogs (D:7)
  2 scorpions
  3 wights (D:7)
  8 killer bees
  A howler monkey (D:8)
  A hound (D:5)
  2 jellies
  A sleepcap (D:7)
  Jessica (D:2)
  4 iguanas
  4 orc wizards
  9 mummies
  9 gnolls
  10 adders
  A shadow imp (D:5)
  2 worms (D:2)
  A dart slug (D:1)
  11 orcs
  9 ball pythons
  6 endoplasms
  A giant cockroach (D:1)
  2 gnoll zombies (Ossuary)
  5 goblins
  8 hobgoblins
  8 jackals
  3 quokkas
  3 bats
  2 frilled lizards (D:3)
  A goblin zombie (D:5)
  A hobgoblin zombie (Ossuary)
  10 kobolds
  4 kobold zombies
  2 orc zombies (Ossuary)
  5 rats
159 creatures vanquished.

Notes
Turn   | Place    | Note
-------+----------+-------------------------------------------
     0 | D:1      | shadowrider38 the Demigod Shapeshifter began the quest for
                  | the Orb.
     0 | D:1      | Reached XP level 1. HP: 15/15 MP: 3/3
   207 | D:1      | Reached XP level 2. HP: 23/23 MP: 4/4
   214 | D:1      | Reached skill level 3 in Unarmed Combat
   322 | D:1      | Reached skill level 3 in Shapeshifting
   736 | D:2      | Reached XP level 3. HP: 23/28 MP: 5/5
  1117 | D:2      | Found a runed translucent door.
  1118 | D:2      | Noticed Crazy Yiuf
  1476 | D:2      | Found Dolyoke's Antique Weapon Emporium.
  1575 | D:2      | Noticed Jessica
  1579 | D:2      | Killed Jessica
  1580 | D:2      | Reached XP level 4. HP: 18/36 MP: 6/6
  2025 | D:3      | Noticed an ogre
  2882 | D:4      | Reached XP level 5. HP: 41/41 MP: 7/7
  3041 | D:4      | Reached skill level 4 in Shapeshifting
  3117 | D:4      | Reached XP level 6. HP: 46/50 MP: 8/8
  3356 | D:5      | Entered Level 5 of the Dungeon
  3396 | D:5      | Noticed Shard1697's ghost (novice DrIE)
  3398 | D:5      | Found a transporter.
  3417 | D:5      | Reached skill level 3 in Fighting
  3420 | D:5      | Found a transporter.
  3489 | D:5      | Found a sand-covered staircase.
  3570 | Ossuary  | Entered an ossuary
  3706 | Ossuary  | Reached XP level 7. HP: 57/57 MP: 9/9
  3977 | D:5      | Reached skill level 5 in Shapeshifting
  4711 | D:6      | Identified the +2 pair of gloves of Bieggaah {rPois Str+7}
  4756 | D:6      | Found a staircase to the Ecumenical Temple.
  4945 | D:6      | Identified the +3 quarterstaff "Spiderslayer" {drain, rC+
                  | Dex+5}
  5146 | D:6      | Reached skill level 3 in Ranged Weapons
  5414 | D:7      | Reached XP level 8. HP: 58/66 MP: 10/10
  5439 | D:7      | Reached skill level 6 in Shapeshifting
  5723 | D:7      | Reached skill level 7 in Shapeshifting
  5826 | D:7      | Reached XP level 9. HP: 66/75 MP: 11/11
  6219 | D:7      | Gained mutation: Your spells are a little easier to cast,
                  | but a little less powerful. [potion of mutation]
  6219 | D:7      | Gained mutation: You are robust. (+10% HP) [potion of
                  | mutation]
  6220 | D:7      | HP: 4/82 [poisoned by a killer bee]
  6603 | D:7      | Reached skill level 8 in Shapeshifting
  6692 | D:7      | HP: 3/82 [troll (8)]
  6692 | D:7      | Mangled by a troll

Illustrated notes

Levels and vault maps discovered:
D:1:      psy_arrival_conway, layout_basic, st_stairs_5,
          chequers_serial_rivers_micro_c, chequers_serial_rivers_micro_a,
          reono_crystal_passage, nrook_mini_backslash,
          chequers_serial_rivers_small_3
D:2:      layout_loops_corners, serial_shops, nicolae_shop_tiny_glass,
          chequers_avenue, nicolae_half_adder, uniq_crazy_yiuf_cottage,
          uniq_jessica
D:3:      layout_basic, general_overflow_altar, nicolae_overflow_hidden_temple,
          grunt_ministairs_14, chequers_serial_rivers_small_a
D:4:      layout_loops_ring, mainiacjoe_overflow_alcove_1
D:5:      layout_basic, hangedman_ru_absence, nicolae_ossuary_entry_giza,
          gammafunk_ghost_smash
D:6:      cheibrodos_fertilizer, layout_loops_cross,
          mainiacjoe_overflow_catwalk, temple_pool_b, st_stairs_1,
          glass_columns_c, grunt_ministairs_9, chequers_decorated_corner
D:7:      layout_loops_cross, okawaru_ov_weapons_minmay
D:8:      layout_rooms, erik_lair_dragon, nicolae_shop_fire_sale
          [nicolae_sub_dead_trees], hangedman_abyss_or_decor_stagger,
          minmay_hedge_maze, amcnicky_mini_rare_corridor_liquid,
          kennysheep_generic_room_9

Skill      XL: |  1  2  3  4  5  6  7  8  9 |
---------------+----------------------------+-----
Fighting       | 1 2 3 4 5 6 |  6.0
Unarmed Combat | 3 4 5 |  5.1
Shapeshifting  | 3 4 5 7 8 |  8.1
Ranged Weapons | 1 2 3 4 |  4.0
Dodging        | 2 |  2.8

Action                     |  1- 3 |  4- 6 |  7- 9 || total
---------------------------+-------+-------+-------++-------
  Melee: Unarmed           |   112 |    37 |    47 ||   196
         Punch             |     2 |       |       ||     2
   Fire: Sling             |       |   117 |   209 ||   326
  Throw: Throwing net      |       |       |     1 ||     1
  Evoke: Wand              |       |       |     1 ||     1
    Use: Scroll            |     2 |     3 |     3 ||     8
         Potion            |       |       |     6 ||     6
 Armour: Animal skin       |    12 |       |       ||    12
         Chain mail        |    39 |    54 |   130 ||   223
         Skin              |       |       |    14 ||    14
  Dodge: Dodged            |    49 |    52 |   117 ||   218
   Form: Beast             |       |       |     3 ||     3
                           |       |       |     1 ||     1
         Blade             |       |       |     2 ||     2

Table legend: (Time is in decaauts)
 A = Elapsed time spent in this place.
 B = Non-inter-level travel time spent in this place.
 C = Inter-level travel time spent in this place.
 D = Time resting spent in this place.
 E = Time spent auto-exploring this place.
 F = Levels seen in this place.
 G = Mean time per level.
                   A        B        C        D        E       F      G
               +--------+--------+--------+--------+--------+-----+--------+
         Total |   6884 |   6505 |    379 |    726 |   4258 |   9 |  764.9 |
       Dungeon |   6612 |   6233 |    379 |    692 |   4124 |   8 |  826.5 |
       Ossuary |    271 |    271 |      0 |     34 |    134 |   1 |  271.0 |
               +--------+--------+--------+--------+--------+-----+--------+

Top non-repeatable levels by time:
     D:2: 1427 daAuts
     D:7: 1362 daAuts
     D:5: 1063 daAuts
     D:4: 744 daAuts
     D:3: 647 daAuts
     D:1: 614 daAuts
     D:6: 566 daAuts
 Ossuary: 271 daAuts
     D:8: 188 daAuts
